 Dungeon Crawl Stone Soup version 0.27-a0-1277-g3808f8b1c9 (webtiles) character file.

Game seed: 7774137187450994050

462 Glokmah the Shield-Bearer (level 7, -5/44 HPs)
             Began as a Gargoyle Fighter on June 12, 2021.
             Killed by divine providence
             ... invoked by an orc priest
              (9 damage)
             ... on level 4 of the Dungeon.
             The game lasted 00:05:19 (3916 turns).

Glokmah the Shield-Bearer (Gargoyle Fighter)        Turns: 3916, Time: 00:05:20

Health: -5/44      AC: 14    Str: 26    XL:     7   Next: 7%
Magic:  7/7        EV:  6    Int:  8    God:
Gold:   194        SH: 11    Dex: 11    Spells: 6/6 levels left

rFire    + . .     SeeInvis .   a - +0 flail (drain)
rCold    + . .     Faith    .   c - +1 kite shield
rNeg     + . .     Spirit   .   r - +0 chain mail
rPois    ∞         Reflect  .   (no helmet)
rElec    +         Harm     .   n - scarf {rC+ rF+}
rCorr    .         Rampage  .   (no gloves)
Will     +....                  (no boots)
Stlth    ..........             (no amulet)
HPRegen  0.14/turn              m - ring of willpower
MPRegen  0.10/turn              d - +6 ring of strength

@: very slow
A: sickness immunity, AC +4, negative energy resistance 1, electricity
resistance, torment resistance 1, petrification resistance
a: no special abilities


You were on level 4 of the Dungeon.
You visited 1 branch of the dungeon, and saw 4 of its levels.

You collected 194 gold pieces.

Inventory:

Hand Weapons
 a - a +0 flail of draining (weapon)
Armour
 c - a +1 kite shield (worn)
 n - a scarf of resistance (worn)
 r - a +0 chain mail (worn)
Jewellery
 d - a +6 ring of strength (right hand)
 m - a ring of willpower (left hand)
Scrolls
 g - 3 scrolls of amnesia {unknown}
 i - 2 scrolls of teleportation
 p - a scroll of vulnerability
 t - 2 scrolls of immolation
Potions
 b - a potion of ambrosia {unknown}
 e - a potion of magic {unknown}
 f - a potion of cancellation {unknown}
 h - 2 potions of heal wounds
 j - a potion of curing {unknown}
 k - 2 potions of invisibility
 l - a potion of haste {unknown}
 q - a potion of lignification {unknown}


   Skills:
 + Level 4.5 Fighting
 * Level 4.5 Maces & Flails
 + Level 4.6 Armour
 * Level 5.5 Shields


You had 6 spell levels left.
You didn't know any spells.
Your spell library was empty.

Dungeon Overview and Level Annotations

Branches:
Dungeon (4/15)
 Temple: D:4-7

Altars:
Uskayaw

Shops:
D:1 *


Innate Abilities, Weirdness & Mutations

You are immune to sickness and miasma.
Your stone body is resilient. (AC +4)
You are immune to poison.
You resist negative energy. (rN+)
You are resistant to electric shocks. (rElec)
You are resistant to unholy torment.
You are immune to petrification.


Message History

You block the orc's attack. The orc hits you but does no damage.
The orc priest hits you but does no damage.
The orc hits you but does no damage.
You barely miss the orc priest.
The orc priest is moderately wounded.
The orc splashes around in the water.
The orc priest invokes the aid of Beogh against you.
You resist with some effort. You block the orc's attack. x2
The orc priest hits you with a +1 hand axe of freezing.
Your shield and chain mail prevent you from hitting the orc priest.
The orc priest is moderately wounded.
The orc splashes around in the water. x2; You block the orc priest's attack.
The orc splashes around in the water.
You sock the orc priest!
The orc priest is severely wounded.
You block the orc's attack. The orc priest barely misses you.
You block the orc's attack.
The orc splashes around in the water.
Your unstable footing causes you to fumble your attack.
You block the orc priest's attack. You block the orc's attack.
The orc splashes around in the water.
The orc priest hits you with a +1 hand axe of freezing.
The orc priest freezes you.
Your unstable footing causes you to fumble your attack.
The orc hits you but does no damage.
The orc splashes around in the water.
The orc priest mumbles some strange prayers to Beogh against you.
Beogh smites you!
* * * LOW HITPOINT WARNING * * *
The orc barely misses you.
You closely miss the orc priest.
The orc priest is severely wounded.
The orc splashes around in the water.
The orc priest splashes around in the water.
The orc hits you with a +0 hand axe.
* * * LOW HITPOINT WARNING * * *
The orc hits you with a +0 club.
* * * LOW HITPOINT WARNING * * *
Your unstable footing causes you to fumble your attack.
The orc priest invokes the aid of Beogh against you.
Beogh smites you!
You die...

#..### ##.....######### #..#
#..#### **###### ##..# ##..#
**,....>. ....## #..## *,,).....
.....### ######## *,,......
.......# ##≈≈≈≈# **≈,......
.......#####≈≈≈### ***≈≈≈≈#....
.....###≈≈≈≈≈≈≈≈o#####≈≈≈≈###....
.....#≈≈≈≈#####≈@o≈≈≈≈≈≈###......
.....###≈≈# ###o≈≈#####........
......#≈≈≈######*#### #........
....######≈≈≈≈≈# #####........
.....#≈≈≈≈≈##########............
...###≈≈#######≈≈≈≈≈≈.####.......
...#≈≈≈#≈≈≈≈≈≈≈≈≈≈##### #.......
...################ #......#
.......# ####.### ##....##


You could see an orc priest and 2 orcs.

Vanquished Creatures
  2 black bears (D:4)
  A phantom (D:4)
  Terence (D:3)
  2 iguanas
  2 hound skeletons (D:4)
  3 adders
  2 worms
  3 dart slugs
  2 orcs (D:3)
  3 ball pythons
  6 bats
  6 endoplasms
  3 giant cockroaches
  7 goblins
  5 hobgoblins
  6 quokkas
  A frilled lizard (D:1)
  6 kobolds
  5 rats
66 creatures vanquished.

Notes
Turn   | Place    | Note
-------+----------+-------------------------------------------
     0 | D:1      | Glokmah the Gargoyle Fighter began the quest for the Orb.
     0 | D:1      | Reached XP level 1. HP: 14/14 MP: 1/1
   248 | D:1      | Reached XP level 2. HP: 12/19 MP: 2/2
   513 | D:1      | Found Zit Fus's Assorted Antiques.
   918 | D:1      | Reached XP level 3. HP: 17/23 MP: 3/3
  1598 | D:2      | Reached skill level 4 in Shields
  1846 | D:2      | You fall into a shaft and drop 1 floor!
  1857 | D:3      | Reached XP level 4. HP: 27/29 MP: 4/4
  2109 | D:2      | Found a faded altar of an unknown god.
  2276 | D:3      | Noticed Terence
  2282 | D:3      | Killed Terence
  2283 | D:3      | Reached XP level 5. HP: 7/33 MP: 5/5
  3276 | D:4      | Found a hide-covered altar of Uskayaw.
  3309 | D:4      | Noticed a black bear
  3316 | D:4      | Killed a black bear
  3317 | D:4      | Reached skill level 5 in Shields
  3317 | D:4      | Reached XP level 6. HP: 33/38 MP: 6/6
  3754 | D:4      | Noticed a black bear
  3763 | D:4      | Killed a black bear
  3764 | D:4      | Reached XP level 7. HP: 32/44 MP: 7/7
  3916 | D:4      | Killed from afar by an orc priest

Illustrated notes

Levels and vault maps discovered:
D:1:      minmay_arrival_hallway, layout_loops_cross, serial_shops,
          shop_fountains, st_stairs_6
D:2:      layout_loops_ring, ebering_ecumenical_altar_mist,
          minmay_misc_feat_hallway
D:3:      layout_basic, mrwooster_statue_mirror, uniq_terence
D:4:      layout_cave_pods, lemuel_doored_altar, chequers_serial_rivers_large_b,
          grunt_decor_one_mirror

Skill      XL: |  1  2  3  4  5 |
---------------+----------------+-----
Shields        | 4 5 |  5.5
Maces & Flails | 3 4 |  4.5
Armour         | 4 |  4.6
Fighting       | 4 |  4.5

Action                   |  1- 3 |  4- 6 |  7- 9 || total
-------------------------+-------+-------+-------++-------
Melee: Flail             |   142 |   102 |    16 ||   260
  Use: Scroll            |       |    11 |       ||    11
       Potion            |       |     1 |       ||     1
Armor: Scale mail        |    82 |       |       ||    82
       Chain mail        |     3 |    57 |     9 ||    69
Dodge: Dodged            |    47 |    31 |     4 ||    82
Block: Kite shield       |    85 |    76 |    13 ||   174

Table legend: (Time is in decaauts)
 A = Elapsed time spent in this place.
 B = Non-inter-level travel time spent in this place.
 C = Inter-level travel time spent in this place.
 D = Time resting spent in this place.
 E = Time spent auto-exploring this place.
 F = Levels seen in this place.
 G = Mean time per level.
                   A        B        C        D        E       F      G
               +--------+--------+--------+--------+--------+-----+--------+
         Total |   4062 |   3876 |    186 |    390 |   2652 |   4 | 1015.5 |
       Dungeon |   4062 |   3876 |    186 |    390 |   2652 |   4 | 1015.5 |
               +--------+--------+--------+--------+--------+-----+--------+

Top non-repeatable levels by time:
     D:1: 1327 daAuts
     D:2: 1045 daAuts
     D:3: 868 daAuts
     D:4: 821 daAuts
